 Dungeon Crawl Stone Soup version 0.26-a0-812-g31a745ddcd (webtiles) character file.

Game seed: 16486973865226822195

619 kae the Poker (level 7, 0/54 HPs)
             Began as a Merfolk Gladiator on Nov 25, 2020.
             Was an Initiate of Makhleb.
             Slain by Grinder (4 damage)
             ... on level 4 of the Dungeon.
             The game lasted 00:03:40 (5445 turns).

kae the Poker (Merfolk Gladiator)                   Turns: 5445, Time: 00:03:41

Health: 0/54       AC:  4    Str: 17    XL:     7   Next: 46%
Magic:  8/8        EV: 15    Int: 13    God:    Makhleb [......]
Gold:   230        SH:  0    Dex: 15    Spells: 6/6 levels left

rFire    . . .     SeeInvis +   a - +0 trident
rCold    . . .     Faith    .   (no shield)
rNeg     . . .     Spirit   .   b - +0 leather armour
rPois    .         Reflect  .   c - +0 helmet
rElec    .         Harm     .   (no cloak)
rCorr    .         Rampage  .   (no gloves)
MR       .....                  (no boots)
Stlth    +.........             (no amulet)
HPRegen  0.18/turn              l - +6 ring of intelligence
MPRegen  0.11/turn              m - ring of see invisible

@: no status effects
A: change form in water, swift swim, stealthy swim
a: Renounce Religion


You were on level 4 of the Dungeon.
You worshipped Makhleb.
Makhleb was noncommittal.
You visited 2 branches of the dungeon, and saw 6 of its levels.

You collected 230 gold pieces.

Inventory:

Hand Weapons
 a - a +0 trident (weapon)
Missiles
 d - 3 throwing nets (quivered)
Armour
 b - a +0 leather armour (worn)
 c - a +0 helmet (worn)
Jewellery
 l - a +6 ring of intelligence (left hand)
 m - a ring of see invisible (right hand)
 p - an uncursed ring of protection from fire {unknown}
 x - an uncursed ring of protection from fire {unknown}
 y - an uncursed ring of protection from magic {unknown}
Wands
 v - a wand of paralysis (8)
Scrolls
 e - 2 scrolls of magic mapping
 g - 2 scrolls of identify
 h - 4 scrolls of remove curse
 i - 4 scrolls of teleportation
 o - a scroll of random uselessness {unknown}
 q - 4 scrolls of amnesia {unknown}
 r - a scroll of immolation {unknown}
 u - 3 scrolls of fear {unknown}
 w - a scroll of noise {unknown}
Potions
 f - 4 potions of magic
 j - a potion of lignification {unknown}
 k - a potion of heal wounds {unknown}
 n - a potion of ambrosia {unknown}
 s - a potion of haste {unknown}
 t - 2 potions of curing
 z - a potion of brilliance {unknown}


   Skills:
 + Level 4.0 Fighting
 * Level 7.8 Polearms
 + Level 3.7 Throwing
 + Level 1.6 Armour
 + Level 5.8 Dodging
 + Level 1.5 Invocations


You had 6 spell levels left.
You didn't know any spells.
Your spell library contained the following spells:

 Spells                   Type           Power        Failure   Level
 Animate Skeleton         Necr           #.....       36%         1
 Apportation              Tloc           #.....       36%         1
 Corona                   Hex            #......      36%         1
 Summon Small Mammal      Summ           #...         36%         1
 Slow                     Hex            #.......     50%         2
 Teleport Other           Tloc           #.......     73%         3
 Leda's Liquefaction      Hex/Erth       #.........   98%         4
 Summon Forest            Summ/Tloc      #.........   100%        5
 Yara's Violent Unravell  Hex/Tmut       #.........   100%        5


Dungeon Overview and Level Annotations

Branches:
Dungeon (5/15)             Temple (1/1) D:4

Altars:
Ashenzari
Dithmenos
Elyvilon
Fedhas
Gozag
Hepliaklqana
Kikubaaqudgha
Makhleb
Nemelex Xobeh
Qazlal
Ru
Sif Muna
Trog
Uskayaw
Vehumet
Wu Jian
Xom
Zin
The Shining One

Annotations:
D:4 Grinder
D:5 2 runed translucent doors, Lanoc's ghost, novice DDNe


Message History

Unknown command.
Unknown command.
Okay, then.
You hit Grinder.
Grinder is lightly wounded.
Grinder misses you.
You puncture Grinder!
Grinder is moderately wounded.
Grinder barely misses you.
You closely miss Grinder.
Grinder is moderately wounded.
You closely miss Grinder.
Grinder is moderately wounded.
Grinder closely misses you.
You hit Grinder but do no damage.
Grinder is moderately wounded.
Grinder hits you!
* * * LOW HITPOINT WARNING * * *
You writhe in agony.
You die...

##############
#............#
#.##########.# #.# #.#
#.# #######.##########
#.# #@5..)............
#.# #.#####.##########
#.# #.#####.##########
#.# #W................
#.# #.##......########
#.# #.........'.......
#.####.........########
#.....#.#......########
#####.#.#......'.......


You could see Grinder and a phantom.

Vanquished Creatures
  An ice beast (D:5)
  2 ogres (D:4)
  A howler monkey (D:4)
  A bullfrog zombie (D:5)
  A hound (D:3)
  A bullfrog skeleton (D:4)
  Terence (D:2)
  2 worker ants
  Robin (D:2)
  3 adders
  A white imp (D:5)
  An ooze (D:3)
  2 worms (D:3)
  2 dart slugs
  2 leopard geckos
  2 orcs
  A ball python (D:4)
  3 giant cockroaches
  16 goblins
  8 hobgoblins
  5 jackals
  A quokka (D:2)
  11 bats
  6 frilled lizards
  A giant cockroach zombie (D:5)
  10 kobolds
  5 rats
91 creatures vanquished.

Vanquished Creatures (others)
  17 plants (D:4)
17 creatures vanquished.

Grand Total: 108 creatures vanquished

Notes
Turn   | Place    | Note
-------+----------+-------------------------------------------
     0 | D:1      | kae the Merfolk Gladiator began the quest for the Orb.
     0 | D:1      | Reached XP level 1. HP: 16/16 MP: 1/1
   244 | D:1      | Reached XP level 2. HP: 22/23 MP: 2/2
   580 | D:1      | Reached skill level 5 in Polearms
   858 | D:1      | Reached XP level 3. HP: 28/28 MP: 3/3
  1011 | D:2      | Noticed Terence
  1026 | D:2      | Killed Terence
  1163 | D:2      | Noticed Robin
  1179 | D:2      | Reached XP level 4. HP: 18/34 MP: 4/4
  1219 | D:2      | Killed Robin
  2460 | D:3      | Reached skill level 6 in Polearms
  2460 | D:3      | Reached XP level 5. HP: 19/41 MP: 5/5
  2758 | D:3      | Reached skill level 5 in Dodging
  3175 | D:3      | Found a hide-covered altar of Uskayaw.
  3186 | D:3      | Found an ancient bone altar of Kikubaaqudgha.
  3407 | D:4      | Noticed a rust devil
  3490 | D:4      | Noticed an ogre
  3505 | D:4      | Killed an ogre
  3505 | D:4      | Reached skill level 1 in Armour
  3505 | D:4      | Reached XP level 6. HP: 37/47 MP: 6/6
  3632 | D:4      | Found a staircase to the Ecumenical Temple.
  3702 | Temple   | Entered the Ecumenical Temple
  3885 | Temple   | Became a worshipper of Makhleb the Destroyer
  3936 | D:4      | Noticed an angel
  3977 | D:4      | Reached skill level 7 in Polearms
  4379 | D:4      | Found a sparkling altar of Nemelex Xobeh.
  4428 | D:4      | Reached XP level 7. HP: 50/53 MP: 7/7
  4509 | D:5      | Entered Level 5 of the Dungeon
  4519 | D:5      | Reached skill level 1 in Invocations
  4610 | D:5      | Identified the Grimoire of the Captivating Compass
  5162 | D:5      | Found a shadowy altar of Dithmenos.
  5233 | D:5      | Found a large runed translucent door.
  5234 | D:5      | Found a large runed translucent door.
  5237 | D:5      | Noticed Lanoc's ghost (novice DDNe)
  5426 | D:5      | Noticed Grinder
  5438 | D:4      | Paralysed by Grinder for 2 turns
  5445 | D:4      | Slain by Grinder

Illustrated notes

Levels and vault maps discovered:
D:1:      lemuel_arrival_behind_the_door_large, layout_loops_corners,
          minmay_tetromino_t2
D:2:      layout_basic, uniq_terence, uniq_robin
D:3:      layout_basic, amethyst_overflow_temple_binary
D:4:      layout_basic, kennysheep_mini_moat, temple_garden
D:5:      layout_gridville, grunt_dithmenos_smoke, ebering_ghost_disaster_area,
          uniq_grinder
Temple:   regret_index_temple_waves

Skill      XL: |  1  2  3  4  5  6  7 |
---------------+----------------------+-----
Polearms       | 5 6 7 |  7.8
Fighting       | 3 4 |  4.0
Dodging        | 5 |  5.8
Throwing       | 3 |  3.7
Armour         | 1 |  1.6
Invocations    | 1 |  1.5

Action                   |  1- 3 |  4- 6 |  7- 9 || total
-------------------------+-------+-------+-------++-------
Melee: Trident           |   109 |   233 |    69 ||   411
       Unarmed           |       |    13 |       ||    13
  Use: Scroll            |     6 |       |       ||     6
       Potion            |       |     1 |       ||     1
 Stab: Sleeping          |     1 |     2 |       ||     3
Armor: Leather armour    |    21 |    48 |     6 ||    75
       Skin              |       |     3 |       ||     3
Dodge: Dodged            |    84 |   145 |    37 ||   266

Table legend: (Time is in decaauts)
 A = Elapsed time spent in this place.
 B = Non-inter-level travel time spent in this place.
 C = Inter-level travel time spent in this place.
 D = Time resting spent in this place.
 E = Time spent auto-exploring this place.
 F = Levels seen in this place.
 G = Mean time per level.
                   A        B        C        D        E       F      G
               +--------+--------+--------+--------+--------+-----+--------+
         Total |   5425 |   5324 |    101 |    216 |   4388 |   6 |  904.2 |
       Dungeon |   5231 |   5146 |     85 |    216 |   4215 |   5 | 1046.2 |
        Temple |    193 |    177 |     16 |      0 |    173 |   1 |  193.0 |
               +--------+--------+--------+--------+--------+-----+--------+

Top non-repeatable levels by time:
     D:2: 1223 daAuts
     D:3: 1190 daAuts
     D:4: 1034 daAuts
     D:1: 986 daAuts
     D:5: 796 daAuts
  Temple: 193 daAuts
